 Dungeon Crawl Stone Soup version 0.31-a0-237-g2d982f9f85 (webtiles) character file.

Game seed: 6870210736520208429

80 qw the Shooter (level 4, -7/36 HPs)
             Began as a Minotaur Hexslinger on July 10, 2023.
             Killed from afar by an orc wizard (13 damage)
             ... with a puff of flame
             ... on level 3 of the Dungeon.
             The game lasted 00:00:40 (1982 turns).

qw the Shooter (Minotaur Hexslinger)                Turns: 1982, Time: 00:00:40

Health: -7/36      AC:  5    Str: 13    XL:     4   Next: 18%
Magic:  4/4        EV: 11    Int: 10    God:
Gold:   109        SH:  0    Dex: 14    Spells: 4/5 levels left

rFire   . . .        Y - +2 sling
rCold   . . .        (no shield)
rNeg    . . .        k - +0 ring mail
rPois   .            (helmet restricted)
rElec   .            (no cloak)
rCorr   .            (no gloves)
SInv    .            (no boots)
Will    .....        (no amulet) Stlth
                     (no ring)
HPRegen 0.26/turn    (no ring)
MPRegen 0.09/turn

%: no passive effects
@: confused
A: horns 2, retaliatory headbutt
a: no special abilities


You were on level 3 of the Dungeon.
You visited 1 branch of the dungeon, and saw 3 of its levels.

You collected 109 gold pieces.


Innate Abilities, Weirdness & Mutations

You have a pair of horns on your head.
You reflexively headbutt those who attack you in melee.


   Skills:
 - Level 2.0 Fighting
 + Level 4.1 Ranged Weapons
 - Level 2.2 Armour
 - Level 2.1 Dodging
 - Level 1.0 Spellcasting
 - Level 2.0 Hexes


You had 4 spell levels left.
You knew the following spells:

 Your Spells              Type           Power      Damage    Failure   Level
a - Slow                  Hex            16%        N/A       32%         1

Your spell library contained the following spells:

 Spells                   Type           Power      Damage    Failure   Level
 Inner Flame              Hex/Fire       2%         N/A       82%         3
 Portal Projectile        Hex/Tloc       4%         N/A       82%         3
 Cause Fear               Hex            2%         N/A       97%         4

Inventory:

Hand Weapons
 Y - a +2 sling (weapon)
Armour
 k - a +0 ring mail (worn)
Scrolls
 a - a scroll of fog {unknown}
Potions
 b - a potion of might {unknown}
 e - 2 potions of haste
 h - a potion of attraction {unknown}

Dungeon Overview and Level Annotations

Branches:
Dungeon (3/15)

Altars:

Shops:
D:2 :


Message History

You have reached level 4!
You feel stronger.
You shoot a sling bullet. The sling bullet hits the orc.
The orc is moderately wounded.
Something hits you. Something burns you.
An orc comes into view.
It is wielding a +6 falchion and quivering boomerangs of dispersal.
You shoot a sling bullet. The orc shouts!
The sling bullet hits the orc.
The orc is severely wounded.
Something hits you. Something burns you.
The orc throws a boomerang of dispersal.
The boomerang of dispersal barely misses you.
You shoot a sling bullet.
The sling bullet closely misses the orc.
Something hits you but does no damage. The orc hits you but does no damage.
You shoot a sling bullet. The sling bullet hits the orc.
You kill the orc!
Something hits you but does no damage.
You shoot a sling bullet.
The sling bullet closely misses the orc.
Something hits you. Something burns you.
You hear some strange, mumbled words.
You are confused.
The orc closely misses you. The orc hits you with a +6 falchion.
Something completely misses you. The orc barely misses you.
Something completely misses you. The orc barely misses you.
You hear some strange, mumbled words.
You are more confused.
The orc hits you with a +6 falchion.
You hear some strange, mumbled words.
Something tries to affect you, but you resist.
The orc hits you with a +6 falchion. Something hits you but does no damage.
The orc hits you with a +6 falchion. Something hits you but does no damage.
The orc hits you with a +6 falchion! Something hits you but does no damage.
The orc hits you with a +6 falchion.
You hear some strange, mumbled words.
A puff of flame appears from out of thin air!
The puff of flame hits you!
You die...

..........<..#
#####...###### ##.## #.#
######.# .......#
#.....###
#.......############
#.....#.........@o.####.#
#.....#######....{......#
###.### #.####.###### #.
#.# .# #. #)# .# .. #.#
o# #.# o# #.# o# ##.# .#


You could see an orc.

Vanquished Creatures
  An orc priest (D:3)
  A worm (D:2)
  2 orcs (D:3)
  7 ball pythons
  5 endoplasms
  A giant cockroach (D:1)
  4 hobgoblins
  4 jackals (D:1)
  3 quokkas
  3 bats
  7 goblins
  3 kobolds
  2 rats
43 creatures vanquished.

Notes
Turn   | Place    | Note
-------+----------+-------------------------------------------
     0 | D:1      | qw the Minotaur Hexslinger began the quest for the Orb.
     0 | D:1      | Reached XP level 1. HP: 16/16 MP: 1/1
     0 | D:1      | 0 ||| qw: Version: 0.3-a-52-g30416fa
     0 | D:1      | 0 ||| qw: Game counter: 5353
     0 | D:1      | 0 ||| qw: Melee chars always use a shield: true
     0 | D:1      | 0 ||| qw: God list: Okawaru
     0 | D:1      | 0 ||| qw: Allow faded altars: false
     0 | D:1      | 0 ||| qw: Do Orc after clearing Dungeon:15 true
     0 | D:1      | 0 ||| qw: Do second Lair branch before Depths: true
     0 | D:1      | 0 ||| qw: Lair rune preference: random
     0 | D:1      | 0 ||| qw: Goals: Normal
     0 | D:1      | 0 ||| PLANNING D:1-11
   101 | D:1      | 101 ||| Stepping ~*~*~tactically~*~*~ (outnumbered).
   155 | D:1      | Reached skill level 3 in Ranged Weapons
   155 | D:1      | Reached XP level 2. HP: 23/23 MP: 2/2
   354 | D:1      | Found a faded altar of an unknown god.
   732 | D:1      | 732 ||| READING scroll labelled LOINAUQ QOICVE.
   733 | D:1      | 733 ||| READING scroll labelled JIEVENAPNA.
   734 | D:1      | 734 ||| DRINKING 2 lumpy sapphire potions.
   735 | D:1      | 735 ||| DROPPING scroll of poison.
   795 | D:2      | HP: 1/24 [worm (8)]
   797 | D:2      | Reached XP level 3. HP: 2/29 MP: 3/3
  1322 | D:2      | Reached skill level 4 in Ranged Weapons
  1609 | D:2      | Found Puafun's Book Shoppe.
  1694 | D:2      | 1694 ||| UPGRADING to +0 ring mail.
  1704 | D:2      | 1704 ||| DROPPING +0 robe.
  1705 | D:2      | 1705 ||| READING scroll labelled WITSYXA XIOQATAUNA.
  1756 | D:2      | 1756 ||| READING scroll labelled RIOME YRPHEOLOI.
  1757 | D:2      | 1757 ||| READING scroll labelled FIATATS WOASAI.
  1858 | D:2      | 1858 ||| READING scroll labelled LIUR ZIYWULIWO.
  1859 | D:2      | 1859 ||| READING scroll labelled EHUDUA RIETSE.
  1860 | D:2      | 1860 ||| DRINKING 3 bubbling golden potions.
  1861 | D:2      | 1861 ||| DROPPING 2 potions of brilliance.
  1924 | D:3      | 1924 ||| FLEEEEING.
  1962 | D:3      | 1962 ||| Stepping ~*~*~tactically~*~*~ (outnumbered).
  1964 | D:3      | 1964 ||| Stepping ~*~*~tactically~*~*~ (outnumbered).
  1970 | D:3      | Reached XP level 4. HP: 36/36 MP: 4/4
  1981 | D:3      | HP: 9/36 [orc/+6 falchion (7)]
  1982 | D:3      | Killed from afar by an orc wizard

Levels and vault maps discovered:
D:1:      tekkud_arrival_beachfront_property, layout_basic,
          shapermc_ecumenical_altar_mp_urbaneastern, minmay_liquid_box
D:2:      layout_basic, serial_shops, shop
D:3:      layout_loops_ring, marbit_many_paths

Skill      XL: |  1  2  3 |
---------------+----------+-----
Ranged Weapons | 3 4 |  4.1
Fighting       | 2 |  2.0
Armour         | 2 |  2.2
Dodging        | |  2.1
Spellcasting   | |  1.0
Hexes          | |  2.0

Action                     |  1- 3 |  4- 6 || total
---------------------------+-------+-------++-------
   Fire: Sling             |   117 |     5 ||   122
    Use: Scroll            |     7 |       ||     7
         Potion            |     2 |       ||     2
 Armour: Robe              |     9 |       ||     9
         Ring mail         |       |     6 ||     6
  Dodge: Dodged            |    28 |     6 ||    34

Table legend:
 A = Non-vault XP
 B = Vault XP
 C = Vault XP percentage of total XP
 D = Non-vault monster count
 E = Vault monster count
 F = Vault count percentage of total count
                 A         B        C        D         E       F
            +---------+---------+-------+---------+---------+-------
      Total |     115 |       0 |   0.0 |      43 |       0 |   0.0
            +---------+---------+-------+---------+---------+-------
        D:1 |      38 |       0 |   0.0 |      24 |       0 |   0.0
        D:2 |      30 |       0 |   0.0 |      16 |       0 |   0.0
        D:3 |      47 |       0 |   0.0 |       3 |       0 |   0.0
            +---------+---------+-------+---------+---------+-------
